 Dungeon Crawl Stone Soup version 0.28-a0-8-g6e044cfa68 (webtiles) character file.

Game seed: 824649169339078377

1617 funkygono the Magician (level 8, 0/42 HPs)
             Began as a Gargoyle Fire Elementalist on July 24, 2021.
             Slain by Maggie (8 damage)
             ... on level 6 of the Dungeon.
             The game lasted 00:18:49 (8459 turns).

funkygono the Magician (Gargoyle Fire Elementalist) Turns: 8459, Time: 00:18:49

Health: 0/42       AC: 12    Str: 12    XL:     8   Next: 96%
Magic:  13/17      EV: 12    Int: 18    God:
Gold:   295        SH:  0    Dex: 10    Spells: 3/20 levels left

rFire   . . .      SeeInvis .   u - +1 whip (freeze)
rCold   . . .      Faith    .   (no shield)
rNeg    + . .      Spirit   .   a - +0 robe
rPois   ∞          Reflect  .   (no helmet)
rElec   +          Harm     .   (no cloak)
rCorr   .          Rampage  .   f - +0 pair of gloves
Will    .....                   (no boots)
Stlth   ++........              (no amulet)
HPRegen 0.14/turn               d - +4 ring of protection
MPRegen 0.15/turn               (no ring)

@: mesmerised
A: sickness immunity, AC +5, negative energy resistance 1, electricity
resistance, torment resistance 1, petrification resistance
a: no special abilities


You were on level 6 of the Dungeon.
You visited 1 branch of the dungeon, and saw 6 of its levels.
You also visited: Sewer.

You collected 295 gold pieces.

Inventory:

Hand Weapons
 t - a +0 flail
 u - a +1 whip of freezing (weapon)
Missiles
 b - 115 stones
 e - 7 atropa-tipped darts
Armour
 a - a +0 robe (worn)
 c - a +0 chain mail
 f - a +0 pair of gloves (worn)
 g - a +0 leather armour
Jewellery
 d - a +4 ring of protection (left hand)
Scrolls
 h - a scroll of amnesia
 r - 4 scrolls of summoning
Potions
 i - a potion of berserk rage {unknown}
 j - a potion of invisibility {unknown}
 k - 3 potions of haste
 l - a potion of attraction {unknown}
 m - a potion of brilliance {unknown}
 o - a potion of cancellation {unknown}
 p - a potion of heal wounds {unknown}
 s - a potion of magic {unknown}


   Skills:
 + Level 0.3 Fighting
 + Level 1.6 Maces & Flails
 + Level 2.3 Dodging
 - Level 2.1 Stealth
 * Level 6.6 Spellcasting
 * Level 5.4 Conjurations
 * Level 6.0 Fire Magic
 * Level 2.8 Ice Magic


You had 3 spell levels left.
You knew the following spells:

 Your Spells              Type           Power      Damage    Failure   Level
a - Foxfire               Conj/Fire      100%       2x1d9     1%          1
b - Freeze                Ice            64%        1d8       3%          1
c - Conjure Flame         Conj/Fire      26%        6-21      3%          3
d - Frozen Ramparts       Ice            32%        1d5       11%         3
e - Sticky Flame          Conj/Fire      26%        2d5       11%         4
f - Fireball              Conj/Fire      13%        3d7       30%         5

Your spell library contained the following spells:

 Spells                   Type           Power      Damage    Failure   Level
 Inner Flame              Hex/Fire       16%        N/A       10%         3
 Hailstorm                Conj/Ice       20%        3d6       21%         4


Dungeon Overview and Level Annotations

Branches:
Dungeon (6/15)              Sewer (visited)
 Temple: D:4-7

Altars:
Qazlal

Annotations:
D:6 Maggie


Innate Abilities, Weirdness & Mutations

You are immune to sickness and miasma.
Your stone body is resilient. (AC +5)
You are immune to poison.
You resist negative energy. (rN+)
You are resistant to electric shocks. (rElec)
You are resistant to unholy torment.
You are immune to petrification.


Message History

The orc shouts!
The orc priest shouts!
The foxfire hits the orc wizard.
You kill the orc wizard!
Your Fire Magic skill increases to level 6!
Casting: Foxfire (safe; 1% risk of failure)
Confirm with . or Enter, or press ? or * to list all spells.
You conjure some foxfire!
The foxfire hits Maggie.
Maggie is lightly wounded.
Maggie completely misses you.
Casting: Foxfire (safe; 1% risk of failure)
Confirm with . or Enter, or press ? or * to list all spells.
You conjure some foxfire!
The foxfire hits Maggie but does no damage.
Maggie is lightly wounded.
An adder comes into view.
Maggie closely misses you.
The scorpion stings you but does no damage.
As you read the scroll of fear, it crumbles to dust.
You assume a fearsome visage.
Maggie resists with some effort.
The scorpion looks frightened!
The orc looks frightened! x3
The orc priest looks frightened!
The adder looks frightened!
The foxfire hits the scorpion.
The scorpion is moderately wounded.
Your attack snaps the scorpion out of its fear.
The foxfire hits the scorpion.
The scorpion is heavily wounded.
The scorpion misses you. Maggie gestures at you while chanting.
The bolt of fire hits you!!
Ouch! That really hurt!
* * * LOW HITPOINT WARNING * * *
You cannot move away from Maggie!
Unknown command.
You cannot move away from Maggie!
As you read the scroll labelled MUHAAM XOETI, it crumbles to dust.
It is a scroll of enchant weapon.
Your +0 whip of freezing glows red for a moment.
The scorpion stings you but does no damage.
Maggie hits you from afar with a +0 vorpal halberd!
You die...

...... .. #.... ##.... ..
#.o... #.....
#.###o.o..#####.... ....#
#.............#.... .....
#..................
..###.... ..)@o...#..###....
....#...##
#s........##......
........###@.....##.###.....
##.......##§####.##..##.....
#........##.###..###..#.....
#...........##..........##..
#.......#............####..
###.....####..........###..
###..###.#...###.........
##.###....###...........
###..###..................


You could see Maggie (mesmerising), a scorpion, an orc priest (fleeing) and 3
orcs.

Vanquished Creatures
  2 water moccasins (D:6)
  3 necrophages
  3 ogres (D:5)
  A phantom (D:6)
  Blork the orc (D:5)
  A scorpion (D:6)
  2 water moccasin zombies
  3 hounds
  A gnoll shaman (D:5)
  An orc priest (D:5)
  A bullfrog skeleton (D:5)
  2 iguanas (D:5)
  An orc wizard (D:6)
  A killer bee zombie (D:6)
  A hound zombie (D:5)
  A hound skeleton (D:5)
  5 gnolls (D:5)
  6 adders
  3 ufetubi
  An adder zombie (D:5)
  An adder skeleton (D:4)
  2 worms (D:3)
  A dart slug (D:3)
  13 orcs
  9 endoplasms
  6 giant cockroaches
  4 goblins
  8 hobgoblins
  22 jackals
  16 kobolds
  3 quokkas
  14 ball pythons
  6 bats
  9 frilled lizards
  A quokka skeleton (D:4)
  13 rats
168 creatures vanquished.

Vanquished Creatures (collateral kills)
  17 foxfires (Sewer)
17 creatures vanquished.

Vanquished Creatures (others)
  585 foxfires
  42 plants (Sewer)
627 creatures vanquished.

Grand Total: 812 creatures vanquished

Notes
Turn   | Place    | Note
-------+----------+-------------------------------------------
     0 | D:1      | funkygono the Gargoyle Fire Elementalist began the quest
                  | for the Orb.
     0 | D:1      | Reached XP level 1. HP: 10/10 MP: 3/3
   232 | D:1      | Reached XP level 2. HP: 15/15 MP: 0/5
   861 | D:1      | Reached XP level 3. HP: 19/19 MP: 3/6
   865 | D:1      | Learned a level 1 spell: Freeze
  1543 | D:1      | Learned a level 3 spell: Conjure Flame
  1649 | D:2      | Found a faded altar of an unknown god.
  2227 | D:2      | Reached XP level 4. HP: 24/24 MP: 4/7
  2484 | D:2      | Learned a level 3 spell: Frozen Ramparts
  2978 | D:3      | Found a glowing drain.
  3016 | Sewer    | Entered a sewer
  3620 | Sewer    | Reached XP level 5. HP: 28/28 MP: 6/9
  5228 | D:4      | Reached skill level 1 in Ice Magic
  5239 | D:4      | Reached skill level 1 in Maces & Flails
  5239 | D:4      | Reached XP level 6. HP: 26/32 MP: 1/11
  5782 | D:4      | Noticed a necrophage
  5787 | D:4      | Killed a necrophage
  5794 | D:4      | Learned a level 4 spell: Sticky Flame
  6000 | D:5      | Entered Level 5 of the Dungeon
  6030 | D:5      | Noticed a necrophage
  6045 | D:5      | Killed a necrophage
  6046 | D:5      | Reached XP level 7. HP: 29/36 MP: 0/13
  6365 | D:5      | HP: 1/36 [orc priest/divine providence (13)]
  6367 | D:5      | Reached skill level 5 in Fire Magic
  6756 | D:5      | Found a stormy altar of Qazlal.
  6800 | D:5      | Reached skill level 5 in Spellcasting
  7150 | D:5      | Noticed Blork the orc
  7161 | D:5      | Killed Blork the orc
  7162 | D:5      | Reached XP level 8. HP: 41/41 MP: 6/15
  7791 | D:5      | Learned a level 5 spell: Fireball
  7871 | D:6      | Reached skill level 5 in Conjurations
  8371 | D:6      | Noticed Maggie
  8459 | D:6      | Slain by Maggie

Illustrated notes

Levels and vault maps discovered:
D:1:      dpeg_arrival_rooms_b, layout_loops_ring
D:2:      minmay_door_path, layout_rooms, chequers_ecumenical_altar_twisty,
          ebering_dispersal_statue_hall
D:3:      wander_river, layout_basic, gup_sewer_entry_bubbles
D:4:      layout_basic, hangedman_decor_growths
D:5:      layout_basic, nicolae_qazlal_general_emergency, minmay_between,
          uniq_blork_the_orc
D:6:      layout_cave_pools, uniq_maggie

Skill      XL: |  1  2  3  4  5  6  7  8 |
---------------+-------------------------+-----
Conjurations   | 2 3 4 5 |  5.4
Fire Magic     | 4 5 6 |  6.0
Dodging        | 2 |  2.3
Spellcasting   | 3 4 5 6 |  6.6
Ice Magic      | 1 2 |  2.8
Maces & Flails | 1 |  1.6
Fighting       | |  0.3
Stealth        | |  2.1

Action                   |  1- 3 |  4- 6 |  7- 9 || total
-------------------------+-------+-------+-------++-------
Melee: Dagger            |     9 |       |       ||     9
       Club              |     5 |    42 |       ||    47
       Whip              |       |    83 |    16 ||    99
 Cast: Foxfire           |    77 |   134 |   138 ||   349
       Freeze            |       |     9 |     8 ||    17
       Conjure Flame     |       |       |     2 ||     2
  Use: Scroll            |     2 |     8 |     4 ||    14
       Potion            |       |       |     2 ||     2
Armor: Robe              |    13 |    37 |    25 ||    75
Dodge: Dodged            |    42 |    66 |    42 ||   150

Table legend: (Time is in decaauts)
 A = Elapsed time spent in this place.
 B = Non-inter-level travel time spent in this place.
 C = Inter-level travel time spent in this place.
 D = Time resting spent in this place.
 E = Time spent auto-exploring this place.
 F = Levels seen in this place.
 G = Mean time per level.
                   A        B        C        D        E       F      G
               +--------+--------+--------+--------+--------+-----+--------+
         Total |   8728 |   8575 |    153 |    848 |   5820 |   7 | 1246.9 |
       Dungeon |   7325 |   7172 |    153 |    789 |   4969 |   6 | 1220.8 |
         Sewer |   1402 |   1402 |      0 |     59 |    851 |   1 | 1402.0 |
               +--------+--------+--------+--------+--------+-----+--------+

Top non-repeatable levels by time:
     D:1: 1563 daAuts
     D:5: 1554 daAuts
   Sewer: 1402 daAuts
     D:3: 1383 daAuts
     D:4: 1139 daAuts
     D:2: 1050 daAuts
     D:6: 633 daAuts
